 Dungeon Crawl Stone Soup version 0.31-a0-364-gb59cdcccf2 (webtiles) character file.

Game seed: 11792031722105145944

2186080 Flugkiller the Skinwalker (level 24, 204/204 HPs)
             Began as a Troll Shapeshifter on July 27, 2023.
             Was the Champion of Ru.
             Escaped with the Orb
             ... and 3 runes!
             The game lasted 00:46:24 (40905 turns).

Flugkiller the Skinwalker (Troll Shapeshifter)     Turns: 40905, Time: 00:46:25

Health: 204/204    AC: 15    Str: 34    XL:     24   Next: 5%
Magic:  19/19      EV: 44    Int:  7    God:    Ru [******]
Gold:   3308       SH:  0    Dex: 14    Spells: 23/23 levels left

rFire   + .          .
                       - Unarmed
rCold   + . .        K - melded +0 tower shield
rNeg    . . .        a - melded +0 troll leather armour
rPois   ∞            I - melded +2 hat {Stlth+}
rElec   +            Q - melded +2 cloak {rPois}
rCorr   .            (gloves unavailable)
SInv    .            (boots unavailable)
Will    ++...        R - amulet of Elythremm {Regen+ Str+2 Dex+2} Stlth
                     Z - ring of Eternal Harmony {rElec rF+ rC+ Will+ Int+3}
HPRegen 2.14/turn    l - ring of the Hare {EV+10}
MPRegen 0.16/turn

%: no passive effects
@: storm-form, flying, studying Evocations
A: cleaving, insubstantial, flying, large, unfitting armour, (claws 3), frail 2,
low MP 1, regeneration 1, (shaggy fur 1), (tough skin 1), weak 1, no stealth, no
air magic, no summoning magic, no transmutations magic, unskilled 1,
inexperienced 1, dopey 1
0: Orb of Zot
}: 3/15 runes: decaying, serpentine, abyssal
a: Blinkbolt, Begin Untransformation, Renounce Religion, Draw Out Power, Power
Leap, Apocalypse


You escaped.
You worshipped Ru.
Ru was exalted by your worship.
You were a lightning-filled tempest!
You visited 9 branches of the dungeon, and saw 44 of its levels.
You visited the Abyss 2 times.
You also visited: Bailey, Ice Cave, Volcano and Desolation.

You collected 4574 gold pieces.
You spent 1266 gold pieces at shops.

Inventory:

Missiles
 s - 11 curare-tipped darts
 B - a throwing net
Armour
 a - a +0 troll leather armour (melded)
   (You found it on level 10 of the Dungeon)
 F - the +4 dragonskin cloak
   (You took it off Tiamat on level 2 of the Realm of Zot)

   Avatar's Aegis: It grants the wearer a chance to resist fire, cold, poison,
   electricity, acid, and negative energy.
 I - a +2 hat of stealth (melded)
   (You took it off Gastronok on level 10 of the Dungeon)
 K - a +0 tower shield (melded)
   (You found it on level 11 of the Dungeon)
 Q - a +2 cloak of poison resistance (melded)
   (You found it on level 1 of the Lair of Beasts)
 U - a +0 kite shield of fire resistance
   (You found it in a volcano)
Jewellery
 c - a ring of protection from cold
   (You found it in the Desolation of Salt)
 f - a ring of protection from fire
   (You found it on level 1 of the Snake Pit)
 i - a ring of see invisible
   (You took it off a spriggan on level 5 of the Lair of Beasts)
 l - the ring of the Hare (right fist) {EV+10}
   (You found it on level 4 of the Dungeon)

   [ring of evasion]

   EV:        It affects your evasion (+10).
 m - a ring of willpower
   (You found it on level 1 of the Depths)
 p - a +4 ring of protection
   (You found it on level 8 of the Dungeon)
 R - the amulet of Elythremm (around neck) {Regen+ Str+2 Dex+2}
   (You found it on level 3 of the Lair of Beasts)

   [amulet of regeneration]

   Str:       It affects your strength (+2).
   Dex:       It affects your dexterity (+2).
   Regen:     It increases your rate of health regeneration.
 Z - the ring of Eternal Harmony (left fist) {rElec rF+ rC+ Will+ Int+3}
   (You took it off a spriggan defender on level 2 of the Depths)

   [ring of willpower]

   Int:       It affects your intelligence (+3).
   rF:        It protects you from fire.
   rC:        It protects you from cold.
   rElec:     It insulates you from electricity.
   Will:      It increases your willpower.
Talismans
 b - a storm talisman
   (You found it on level 4 of the Depths)
 A - a granite talisman
   (You bought it in a shop on level 2 of the Orcish Mines)
Wands
 r - a wand of mindburst (12)
   (You found it on level 1 of the Vaults)
 u - a wand of digging (5)
   (You found it on level 15 of the Dungeon)
 C - a wand of iceblast (45)
   (You found it on level 5 of the Dungeon)
 J - a wand of quicksilver (7)
   (You found it on level 2 of the Lair of Beasts)
 L - a wand of paralysis (5)
   (You found it on level 11 of the Dungeon)
Scrolls
 e - 3 scrolls of revelation
 t - 5 scrolls of teleportation
 v - 5 scrolls of fear
 y - 4 scrolls of immolation
 z - 4 scrolls of blinking
 D - a scroll of silence
 G - 4 scrolls of fog
 M - 10 scrolls of poison
 S - 9 scrolls of vulnerability
 T - 4 scrolls of butterflies
 V - 2 scrolls of enchant armour
Potions
 d - 3 potions of might
 h - 5 potions of haste
 j - 4 potions of invisibility
 k - 5 potions of attraction
 o - 5 potions of cancellation
 q - 7 potions of curing
 w - 2 potions of heal wounds
 x - 7 potions of mutation
 E - 6 potions of enlightenment
 P - 5 potions of magic
 X - 5 potions of ambrosia
 Y - 3 potions of berserk rage
Miscellaneous
 g - a phantom mirror
   (You found it in an ice cave)
 N - a condenser vane
   (You found it on level 11 of the Dungeon)
 O - a lightning rod (4/4)
   (You found it on level 3 of the Swamp)
 W - a box of beasts
   (You found it on level 5 of the Lair of Beasts)


   Skills:
 + Level 17.8 Fighting
 - Level 11.0 Dodging
 - Level 12.0 Shields
 + Level 20.9 Unarmed Combat
 - Level 10.0 Evocations
 - Level 21.0 Shapeshifting


You had 23 spell levels left.
You didn't know any spells.
Your spell library contained the following spells:

 Spells                   Type           Power      Damage    Failure   Level
 Apportation              Tloc           0%         N/A       43%         1
 Kiss of Death            Conj/Necr      0%         2d5       43%         1
 Necrotise                Necr           0%         1d4       43%         1
 Sandblast                Erth           0%         2d4       43%         1
 Slow                     Hex            0%         N/A       43%         1
 Ensorcelled Hibernation  Hex/Ice        0%         N/A       56%         2
 Lesser Beckoning         Tloc           0%         N/A       56%         2
 Momentum Strike          Conj/Tloc      0%         3d8       56%         2
 Confusing Touch          Hex            0%         N/A       80%         3
 Gell's Gravitas          Tloc           0%         N/A       80%         3
 Inner Flame              Hex/Fire       0%         N/A       80%         3
 Ozocubu's Armour         Ice            0%         N/A       80%         3
 Teleport Other           Tloc           0%         N/A       80%         3
 Vampiric Draining        Necr           0%         2d6       80%         3
 Volatile Blastmotes      Fire/Tloc      0%         2d10      80%         3
 Animate Dead             Necr           0%         N/A       99%         4
 Dispel Undead            Necr           0%         3d6       99%         4
 Flame Wave               Conj/Fire      0%         2d4       99%         4
 Fulminant Prism          Conj/Hex       0%         3d5       99%         4
 Iskenderun's Mystic Bla  Conj/Tloc      0%         2d3       99%         4
 Manifold Assault         Tloc           0%         N/A       99%         4
 Olgreb's Toxic Radiance  Pois           0%         N/A       99%         4
 Sticky Flame             Conj/Fire      0%         2d3       99%         4
 Agony                    Necr           0%         N/A       100%        5
 Iskenderun's Battlesphe  Conj           0%         2d6       100%        5
 Death Channel            Necr           0%         N/A       100%        6
 Dispersal                Tloc           0%         N/A       100%        6
 Leda's Unmaking          Conj/Erth      0%         9d1       100%        6
 Ozocubu's Refrigeration  Ice            0%         4d7       100%        7
 Borgnjor's Revivificati  Necr           0%         N/A       100%        8
 Disjunction              Tloc           0%         N/A       100%        8
 Death's Door             Necr           0%         N/A       100%        9
 Polar Vortex             Ice            0%         N/A       100%        9
 Sting                    Tmut/Pois      Unusable   1d3       N/A         1
 Summon Small Mammal      Summ           Unusable   N/A       N/A         1
 Cigotuvi's Dreadful Rot  Necr/Pois/Air  Unusable   N/A       N/A         2
 Passwall                 Tmut/Erth      Unusable   N/A       N/A         2
 Poisonous Vapours        Pois/Air       Unusable   N/A       N/A         2
 Sublimation of Blood     Necr           Unusable   N/A       N/A         2
 Swiftness                Air            Unusable   N/A       N/A         3
 Vhi's Electric Charge    Tloc/Air       Unusable   N/A       N/A         3
 Alistair's Intoxication  Tmut/Pois      Unusable   N/A       N/A         5
 Arcjolt                  Conj/Air       Unusable   1d10      N/A         5
 Haunt                    Necr/Summ      Unusable   N/A       N/A         7
 Spellforged Servitor     Conj/Summ      Unusable   N/A       N/A         7
 Maxwell's Capacitive Co  Air            Unusable   ∞         N/A         8

Dungeon Overview and Level Annotations

Branches:
Dungeon (15/15)            Temple (1/1) D:6            Lair (5/5) D:9
  Swamp (4/4) Lair:2        Snake (4/4) Lair:3        Slime (0/5) Lair:5
    Orc (2/2) D:10            Elf (0/3) Orc:2        Vaults (4/5) D:14
  Crypt (0/3) Vaults:2     Depths (4/4) D:15            Zot (5/5) Depths:4
 Bailey (visited)           IceCv (visited)         Volcano (visited)
Desolation (visited)

Altars:
Ashenzari
Cheibriados
Dithmenos
Elyvilon
Fedhas
Gozag
Hepliaklqana
Kikubaaqudgha
Makhleb
Nemelex Xobeh
Okawaru
Qazlal
Ru
Sif Muna
Trog
Uskayaw
Vehumet
Wu Jian
Xom
Yredelemnul
Zin
The Shining One
Lugonu

Shops:
D:3 *   Orc:2 =([*   Snake:3 :==   Snake:4 (   Vaults:3 (   Depths:1 (=[

Portals:
Hell: Depths:1 Depths:2 Depths:3 Depths:4
Abyss: Lair:5 Depths:3
Pandemonium: Depths:2 Depths:3
Ziggurat: Depths:4

Annotations:
D:13 3 runed translucent doors, Fiesu's ghost, journeyman DrCj
Swamp:2 1 runed translucent door
Vaults:2 1 runed translucent door


Innate Abilities, Weirdness & Mutations

You are a lightning-filled tempest!
Your electrical attacks strike out in all directions at once.
You are incredibly evasive.
Your insubstantial body is immune to petrification, constriction, and being set on fire You are flying.
Your armour is entirely melded.
You are incapable of wielding weapons or throwing items.
You are too large for most types of armour.
You are immune to poison.
((You have claws for hands.))
You are very frail. (-20% HP)
Your magical capacity is low. (-10% MP)
Your natural rate of healing is unusually fast.
((You are covered in fur. (AC +1)))
((You have tough skin. (AC +1)))
You are weak. (Str -2)
You cannot be stealthy.
You cannot study or cast Air magic.
You cannot study or cast Summoning magic.
You cannot study or cast Transmutations magic.
You are somewhat unskilled. (-1 Apt)
You are somewhat inexperienced. (-1 XL)
You are dopey. (Int -2)


Message History

A Zuirghec and a red devil come into view.
Press: ? - help, v - describe, . - travel
Here: Zuirghec The floor.
Unknown command.
You feel yourself speed up.
You feel very mighty all of a sudden.
You batter Zuirghec!!
Zuirghec is lightly wounded.
Zuirghec gestures.
You easily resist.
The red devil completely misses you.
You batter Zuirghec!! Lightning courses through Zuirghec!
Zuirghec is heavily wounded.
You batter Zuirghec!!
Zuirghec is heavily wounded.
Zuirghec blinks!
The red devil completely misses you.
Zuirghec begins to attack, but is stunned by your conviction!
You see here a +0 spear.
You blast Zuirghec!!!!
Zuirghec is almost dead.
You blast Zuirghec!!!!
Lightning courses through Zuirghec!
You kill Zuirghec!
The red devil completely misses you.
The red devil hits you but does no damage.
You closely miss the red devil.
The red devil hits you but does no damage.
You blast the red devil!!!
You kill the red devil!
No target in view!
No target in view!
There is a stone staircase leading up here.
You fly upwards.
There is a stone staircase leading down here.
(D) Dungeon (T) Temple (L) Lair (S) Swamp (P) Snake Pit (M) Slime Pits (O) Orcish Mines (E) Elven Halls (V) Vaults (C) Crypt (U) Depths (H) Hell (Z) Zot
Where to? (Enter - D:1 @ (x,y), ? - help) HP restored.
There is a stone staircase leading up here.
You fly upwards.
There is a stone staircase leading down here.
Your extra speed is starting to run out.
You feel yourself slow down.
There is a stone staircase leading up here.
You fly upwards.
There is a stone staircase leading down here.
You hear a grinding noise.
A cacodemon comes into view.
Aiming: Blinkbolt
Press: ? - help, Dir - move target, f - cacodemon
Aim: a cacodemon (94% to hit)
The shock of your passage hits the cacodemon!
The cacodemon resists.
The cacodemon is lightly wounded.
You blink.
A sixfirhy comes into view.
You redirect the sixfirhy's attack!
The sixfirhy closely misses the cacodemon.
The cacodemon hits you! The cacodemon barely misses you.
The sixfirhy completely misses you.
You closely miss the cacodemon.
The cacodemon is lightly wounded.
You barely miss the sixfirhy.
The sixfirhy hits you but does no damage.
The sixfirhy completely misses you.
You blast the cacodemon!!!!
You kill the cacodemon!
You closely miss the sixfirhy. The sixfirhy barely misses you.
You blast the sixfirhy!!!
You kill the sixfirhy!
No target in view!
(D) Dungeon (T) Temple (L) Lair (S) Swamp (P) Snake Pit (M) Slime Pits (O) Orcish Mines (E) Elven Halls (V) Vaults (C) Crypt (U) Depths (H) Hell (Z) Zot
Where to? (Enter - D:1 @ (x,y), ? - help) HP restored.
You feel a little less mighty now.
You feel energetic enough to blinkbolt again.
There is a stone staircase leading up here.
You fly upwards.
There is a stone staircase leading down here.
There is a stone staircase leading up here.
You fly upwards.
There is a stone staircase leading down here.
There is a stone staircase leading up here.
You fly upwards.
There is a stone staircase leading down here.
There is an open door here.
There is a staircase leading out of the dungeon here.
Enter note: gg You are a lightning-filled tempest!
You are flying.
You are studying Evocations.
Your flying speed is average.
Your attack delay is about 0.6.
Your damage rating with unarmed combat is about 101 (Base [29 + 20 (UC)] x 160% (Str) x 129% (Fight)).
Your base attributes are Str 32, Int 6, Dex 12.
Unknown command.
You have escaped!

.# #....# #..########.##.##
.# #....# #...#####...##.#
.# #....# #..##~≈~##..##.#
.# #....# #.##≈~P~~##.##.#
.###....#####~~~.~~~####.#
...........#≈≈P.8.P~≈# #.#
.##....#####≈~.....~≈###.#
.##...#####8~.......~8##.#
#####.###..'.P8.v.8P.+...# #
#..##.#8~.......~8.#.# #
#.....##~~.....~≈#.#.#
##..#.##≈~P.8.P~≈#.#.##
##....##~~~.~~≈##....#
#########...##≈~P~≈##.....#
.............##≈≈≈##......#
##########....#####.......#
#.....>..............#######


There were no monsters in sight!

Vanquished Creatures
  3 dread liches
  Tiamat (Zot:2)
  9 orbs of fire
  3 ancient liches (Zot:5)
  A juggernaut (Depths:2)
  Mara (Snake:4)
  Vv (Zot:4)
  2 Killer Klowns (Zot:5)
  3 curse toes
  12 golden dragons
  4 bone dragons
  3 doom hounds (Zot:2)
  A Brimstone Fiend (Zot:1)
  2 Tzitzimimeh
  An electric golem (Zot:5)
  A pandemonium lord (D:7)
  16 tentacled monstrosities
  Rupert (D:12)
  3 liches
  24 Orb Guardians
  Grunn (Zot:2)
  3 quicksilver dragons
  2 tentacled starspawn (Abyss:3)
  3 sphinxes
  8 death cobs
  Frances (D:12)
  Gastronok (D:10)
  Agnes (Snake:4)
  A tengu reaver (Depths:2)
  5 thorn hunters
  9 draconian monks
  5 shadow dragons
  15 storm dragons
  9 draconian knights
  4 nagarajas
  15 vault wardens
  7 draconian scorchers
  5 frost giants
  An iron dragon (Depths:3)
  6 fire giants
  6 draconian stormcallers
  A curse skull (Vaults:2)
  2 ghost moths
  Louise (Abyss:3)
  6 draconian shifters
  3 imperial myrmidons (Desolation)
  14 ironbound preservers
  4 orc warlords
  5 spriggan defenders
  10 draconian annihilators
  A cacodemon (D:4)
  A ghoul (Vaults:2)
  16 stone giants
  A reaper (Zot:2)
  2 caustic shrike skeletons
  17 very ugly things
  3 formless jellyfish
  6 ironbound thunderhulks
  6 vampire knights
  A putrid mouth (Zot:2)
  12 black draconians
  14 green draconians
  2 halazid warlocks (Desolation)
  14 red draconians
  16 yellow draconians
  An eleionoma (Swamp:4)
  14 purple draconians
  16 white draconians
  5 bunyips
  12 dire elephants
  5 spark wasps (Depths:2)
  A crystal guardian (Desolation)
  9 ettins
  2 deep elf death magi (Depths:3)
  An ettin (shapeshifter) (Depths:4)
  A fire dragon (Depths:3)
  A shambling mangrove (Swamp:4)
  A deep elf high priest (Vaults:1)
  10 yaktaur captains
  Fannar (Orc:1)
  2 spriggan zombies (Depths:3)
  4 great orbs of eyes
  2 ragged hierophants (Desolation)
  23 hydras
  A hell beast (D:7)
  2 entropy weavers
  5 servants of whispers (Desolation)
  5 peacekeepers
  2 caustic shrike simulacra (IceCv)
  A death knight (Vaults:2)
  2 salamander tyrants (Snake:4)
  8 vault guards
  4 rakshasas
  5 spriggan air magi
  12 ice dragons
  3 alligators
  7 anacondas
  A catoblepas (D:11)
  13 centaur warriors
  An ogre mage (D:15)
  A two-headed ogre (shapeshifter) (Depths:2)
  7 ironbound frosthearts
  7 boulder beetles
  A dancing weapon (Volcano)
  6 deep troll shamans
  6 two-headed ogres
  A satyr (Abyss:3)
  5 tengu warriors
  10 death yaks
  8 deep troll earth magi
  4 thrashing horrors
  17 naga warriors
  6 shock serpents
  4 vampire magi
  An orc high priest (Orc:2)
  9 naga sharpshooters
  Nergalle (D:12)
  2 titan zombies
  4 hell knights (Abyss:3)
  11 spriggan berserkers
  5 wretched stars (Abyss:3)
  A fire crab (shapeshifter) (Lair:5)
  A shadow wraith (Depths:3)
  9 skeletal warriors
  7 iron trolls
  3 salamander mystics (Snake:4)
  A sixfirhy (D:4)
  2 soul eaters (Depths:3)
  2 skysharks (Lair:4)
  A storm dragon skeleton (Depths:2)
  52 deep trolls
  2 spark wasp zombies (Depths:3)
  4 goliath frogs
  10 swamp dragons
  4 glowing orange brains
  A flayed ghost (Depths:3)
  3 orc knights
  10 bog bodies
  21 ironbound convokers
  7 wizards
  2 harpies (Vaults:1)
  6 spriggan druids
  2 orange crystal statues (IceCv)
  17 lindwurms
  An obsidian statue (Zot:5)
  4 naga ritualists
  A deep elf pyromancer (D:14)
  10 necromancers
  2 tengu zombies
  10 mana vipers
  2 orc sorcerers
  4 will-o-the-wisps
  4 fire giant zombies
  A tengu skeleton (D:15)
  19 moths of wrath
  2 manticores
  39 ugly things
  7 cyclopes
  4 salamanders
  8 guardian serpents
  2 worldbinders (Abyss:3)
  12 vault sentinels
  30 elephants
  A sphinx skeleton (Depths:3)
  A guardian serpent (shapeshifter) (D:11)
  40 black mambas
  A stone giant skeleton (D:15)
  12 naga magi
  An apocalypse crab (Abyss:3)
  A smoke demon (Abyss:3)
  5 toenail golems (Volcano)
  11 cane toads
  4 gargoyles
  An elf zombie (Vaults:3)
  A kobold demonologist (D:13)
  2 unseen horrors
  42 yaktaurs
  A hellion (D:7)
  2 rime drakes
  6 tengu conjurers
  2 elf skeletons
  3 ice devils
  2 yaktaur zombies (Vaults:3)
  2 ancient zymes (Abyss:3)
  2 red devils
  6 freezing wraiths
  9 trolls
  A tormentor (D:7)
  2 golden dragon simulacra (IceCv)
  2 anaconda simulacra (IceCv)
  6 komodo dragons
  11 tyrant leeches
  Prince Ribbit (D:5)
  A hornet (shapeshifter) (D:15)
  Grinder (D:4)
  20 hornets
  2 polar bears
  45 saltlings
  28 blink frogs
  5 raiju
  A human simulacrum (Vaults:4)
  28 slime creatures
  5 shadows
  20 spriggans
  3 ynoxinuls
  3 large abominations
  A vampire (D:14)
  2 dire elephant simulacra (IceCv)
  47 yaks
  A wyvern (shapeshifter) (Depths:2)
  5 humans (Bailey)
  5 wyverns
  5 wraiths
  6 basilisks
  3 steam dragons
  A redback (shapeshifter) (Depths:4)
  A hog (shapeshifter) (D:15)
  A neqoxec (Abyss:3)
  16 small abominations
  A steam dragon (shapeshifter) (D:14)
  24 vampire mosquitoes
  4 chaos spawn
  An elf simulacrum (Vaults:4)
  3 redbacks (Vaults:2)
  A warg (shapeshifter) (Lair:5)
  7 wargs (Orc:1)
  2 harpy simulacra (IceCv)
  2 hydra simulacra (IceCv)
  39 nagas
  6 acid dragons
  20 swamp worms
  18 water moccasins
  2 sky beasts (D:7)
  9 swamp drakes
  4 black bears
  8 ogres
  28 orc warriors
  An ettin simulacrum (IceCv)
  3 ice beasts
  7 wolves
  An alligator simulacrum (IceCv)
  2 boggarts (D:14)
  4 centaurs
  A phantom (D:6)
  A human zombie (Vaults:4)
  4 kobold brigands
  16 bullfrogs
  A gnoll sergeant (D:11)
  2 scorpions (D:6)
  6 wights
  31 killer bees (Lair:1)
  4 howler monkeys
  4 electric eels
  A quasit (Abyss:3)
  2 jellies
  9 starcursed masses (Abyss:3)
  8 hounds
  16 orc priests
  A gnoll bouda (D:9)
  3 sleepcaps
  2 iron imps (Abyss:3)
  3 iguanas
  22 orc wizards
  18 gnolls
  4 adders
  2 shadow imps
  2 white imps
  An ufetubus (Abyss:3)
  A worm (D:2)
  3 dart slugs
  77 orcs
  2 ball pythons
  9 endoplasms
  2 giant cockroaches
  12 goblins
  15 hobgoblins
  3 jackals (D:3)
  A quokka (D:4)
  8 bats
  4 frilled lizards
  7 kobolds
  20 rats
  A lurking horror (Abyss:3)
  7 starspawn tentacles (Abyss:3)
1957 creatures vanquished.

Vanquished Creatures (others)
  A golden dragon (Depths:2)
  An Orb Guardian (Zot:5)
  A tentacled starspawn (Abyss:3)
  A draconian knight (Zot:2)
  A draconian scorcher (Zot:1)
  A stone giant (Depths:1)
  A spriggan defender (Depths:2)
  An eleionoma (Swamp:1)
  A purple draconian (Zot:4)
  A red draconian (Zot:2)
  2 hydras
  A peacekeeper (Desolation)
  A centaur warrior (Vaults:1)
  2 naga warriors (Snake:4)
  A shock serpent (Snake:4)
  A glowing orange brain (Abyss:3)
  A naga ritualist (Snake:4)
  A goliath frog (Swamp:4)
  An ironbound convoker (Vaults:1)
  2 wizards
  A necromancer (Abyss:3)
  A salamander (Snake:4)
  A moth of wrath (Zot:1)
  A black mamba (Snake:1)
  2 naga magi
  2 yaktaurs
  4 bloated husks
  A blink frog (Lair:5)
  A naga (Snake:4)
  An ettin simulacrum (IceCv)
  A swamp drake (Swamp:4)
  2 boggarts (D:14)
  A killer bee (Lair:1)
  2 orcs (Orc:1)
  26 foxfires
  A lurking horror (Abyss:3)
  5 starspawn tentacles (Abyss:3)
76 creatures vanquished.

Grand Total: 2033 creatures vanquished

Notes
Turn   | Place    | Note
-------+----------+-------------------------------------------
     0 | D:1      | Flugkiller the Troll Shapeshifter began the quest for the
                  | Orb.
     0 | D:1      | Reached XP level 1. HP: 18/18 MP: 0/0
    82 | D:1      | Reached skill level 1 in Fighting
   176 | D:1      | Reached XP level 2. HP: 27/27 MP: 1/1
   721 | D:2      | Reached XP level 3. HP: 33/33 MP: 2/2
  1505 | D:3      | Found Uthikofa's Assorted Antiques.
  1513 | D:3      | Bought a scroll labelled UPAIBR VAOZUN for 22 gold pieces
  1513 | D:3      | Bought a scroll labelled CUTIBY ACIM for 22 gold pieces
  1513 | D:3      | Bought a scroll labelled QOUGON DIBY for 22 gold pieces
  1708 | D:3      | Found a sparkling altar of Nemelex Xobeh.
  1812 | D:3      | Reached XP level 4. HP: 42/42 MP: 3/3
  2004 | D:4      | Noticed a black bear
  2014 | D:4      | Killed a black bear
  2015 | D:4      | Reached XP level 5. HP: 23/50 MP: 3/4
  2130 | D:4      | Found a hazy altar of Hepliaklqana.
  2338 | D:4      | Reached skill level 4 in Shapeshifting
  2410 | D:4      | Found the ring of the Hare {EV+10}
  2461 | D:4      | Found a broken altar of Ashenzari.
  2483 | D:4      | Reached XP level 6. HP: 38/59 MP: 5/5
  2596 | D:4      | Noticed Grinder
  2605 | D:4      | Paralysed by Grinder for 4 turns
  2620 | D:4      | Killed Grinder
  2621 | D:4      | Reached skill level 5 in Unarmed Combat
  2944 | D:5      | Entered Level 5 of the Dungeon
  3092 | D:5      | Found an ancient bone altar of Kikubaaqudgha.
  3119 | D:5      | Noticed a water moccasin
  3122 | D:5      | Reached XP level 7. HP: 63/67 MP: 6/6
  3184 | D:5      | Reached skill level 5 in Shapeshifting
  3188 | D:5      | Noticed Prince Ribbit
  3202 | D:5      | Killed Prince Ribbit
  3214 | D:5      | Reached XP level 8. HP: 79/79 MP: 7/7
  3790 | D:6      | Reached skill level 5 in Fighting
  3882 | D:6      | Reached skill level 6 in Shapeshifting
  3961 | D:6      | Found an opulent altar of Gozag.
  4018 | D:6      | Found a basalt altar of Yredelemnul.
  4047 | D:6      | Found a shimmering blue altar of Sif Muna.
  4173 | D:6      | Found a staircase to the Ecumenical Temple.
  4296 | Temple   | Found a transporter.
  4296 | Temple   | Found a transporter.
  4296 | Temple   | Found a transporter.
  4296 | Temple   | Found a transporter.
  4296 | Temple   | Entered the Ecumenical Temple
  4315 | Temple   | Became a worshipper of Ru the Awakened
  4481 | D:7      | Reached XP level 9. HP: 82/89 MP: 8/8
  4588 | D:7      | Found a bloodstained altar of Trog.
  4950 | D:7      | Reached skill level 7 in Shapeshifting
  5064 | D:8      | Noticed a white ugly thing
  5068 | D:8      | Killed a white ugly thing
  5111 | D:8      | Found a flagged portal.
  5116 | Bailey   | Entered a bailey
  5230 | Bailey   | Reached XP level 10. HP: 72/102 MP: 9/9
  5305 | Bailey   | Gained mutation: You are weak. (Str -2) [Ru sacrifice]
  5311 | Bailey   | Noticed a vault guard
  5321 | Bailey   | Killed a vault guard
  5322 | Bailey   | Reached skill level 8 in Shapeshifting
  5363 | Bailey   | Noticed a vault guard
  5363 | Bailey   | Noticed a cane toad
  5378 | Bailey   | Killed a cane toad
  5390 | Bailey   | Killed a vault guard
  5722 | D:8      | Found a white marble altar of Elyvilon.
  5832 | D:8      | Reached skill level 10 in Unarmed Combat
  5936 | D:8      | Found a glowing golden altar of the Shining One.
  5936 | D:8      | Found a shimmering altar of Xom.
  6244 | D:9      | Noticed a two-headed ogre
  6248 | D:9      | Reached XP level 11. HP: 113/113 MP: 10/10
  6258 | D:9      | Killed a two-headed ogre
  6259 | D:9      | Reached skill level 9 in Shapeshifting
  6340 | D:9      | Found a staircase to the Lair.
  6812 | D:9      | Found an ornate altar of the Wu Jian Council.
  7072 | D:10     | Entered Level 10 of the Dungeon
  7072 | D:10     | Noticed Gastronok
  7082 | D:10     | Killed Gastronok
  7162 | D:10     | Noticed a two-headed ogre
  7270 | D:10     | Noticed a centaur warrior
  7275 | D:10     | Killed a centaur warrior
  7589 | D:10     | Killed a two-headed ogre
  7638 | D:10     | Gained mutation: Your magical capacity is low. (-10% MP)
                  | [Ru sacrifice]
  7638 | D:10     | Reached * piety under Ru
  7766 | D:10     | Found a staircase to the Orcish Mines.
  7782 | D:10     | Reached skill level 10 in Shapeshifting
  7797 | D:10     | Noticed a brown ugly thing
  7806 | D:10     | Killed a brown ugly thing
  7898 | D:10     | Found a shadowy altar of Dithmenos.
  8063 | D:11     | Noticed a boulder beetle
  8065 | D:11     | Noticed a catoblepas
  8109 | D:11     | Killed a catoblepas
  8110 | D:11     | Reached skill level 1 in Shields
  8110 | D:11     | Reached XP level 12. HP: 67/126 MP: 9/9
  8256 | D:11     | Paralysed by a hornet for 1 turns
  8401 | D:11     | Killed a boulder beetle
  8402 | D:11     | Reached skill level 5 in Shields
  8516 | D:11     | Identified the +3 falchion of Uffoch {flame, rCorr}
  8679 | Lair:1   | Entered Level 1 of the Lair of Beasts
  8928 | Lair:1   | Gained mutation: You are frail. (-10% HP) [Ru sacrifice]
  8928 | Lair:1   | Reached ** piety under Ru
  8941 | Lair:1   | Got the Spellbook of the Gift and Vicissitude
 10029 | Lair:2   | Reached XP level 13. HP: 108/119 MP: 10/10
 10033 | Lair:2   | Reached skill level 10 in Shields
 10238 | Lair:1   | Reached skill level 10 in Fighting
 10739 | Lair:2   | Found a staircase to the Swamp.
 10827 | Lair:3   | Gained mutation: You cannot study or cast Air magic. [Ru
                  | sacrifice]
 10827 | Lair:3   | Gained mutation: You cannot study or cast Transmutations
                  | magic. [Ru sacrifice]
 10827 | Lair:3   | Gained mutation: You cannot study or cast Summoning magic.
                  | [Ru sacrifice]
 10827 | Lair:3   | Reached *** piety under Ru
 10884 | Lair:3   | Found a staircase to the Snake Pit.
 11481 | Lair:3   | Identified the amulet of Elythremm {Regen+ Str+2 Dex+2}
 11731 | Lair:4   | Reached XP level 14. HP: 131/131 MP: 11/11
 12319 | Lair:5   | Entered Level 5 of the Lair of Beasts
 12443 | Lair:5   | Found a dark tunnel.
 12483 | Volcano  | Entered a volcano
 12636 | Volcano  | Gained mutation: You cannot be stealthy. [Ru sacrifice]
 12636 | Volcano  | Reached **** piety under Ru
 13220 | Lair:5   | Found a staircase to the Slime Pits.
 13645 | Lair:5   | Found a corrupted altar of Lugonu.
 13645 | Lair:5   | Found a one-way gate to the infinite horrors of the Abyss.
 14167 | D:12     | Noticed Rupert
 14176 | D:12     | Killed Rupert
 14177 | D:12     | Reached XP level 15. HP: 142/142 MP: 12/12
 14343 | D:12     | Noticed Nergalle
 14349 | D:12     | Killed Nergalle
 14446 | D:12     | Noticed Frances
 14464 | D:12     | Killed Frances
 14788 | D:13     | Found a runed translucent gate.
 14789 | D:13     | Found a runed translucent gate.
 14790 | D:13     | Found a runed translucent gate.
 14950 | D:13     | Reached skill level 11 in Shapeshifting
 15363 | D:13     | Noticed Fiesu's ghost (journeyman DrCj)
 15651 | D:14     | Reached skill level 12 in Shapeshifting
 15730 | D:14     | Found a gate to the Vaults.
 16026 | D:14     | Found a sparkling altar of Nemelex Xobeh.
 16103 | D:15     | Entered Level 15 of the Dungeon
 16229 | D:15     | Identified the amulet "Nerch" {Faith rF- rN+++ Str-5 Dex+9}
 16299 | D:15     | Reached skill level 13 in Shapeshifting
 16486 | D:15     | Found a staircase to the Depths.
 16966 | Orc:1    | Entered Level 1 of the Orcish Mines
 16966 | Orc:1    | Noticed Fannar
 16974 | Orc:1    | Killed Fannar
 17087 | Orc:1    | Reached skill level 14 in Shapeshifting
 17087 | Orc:1    | Reached XP level 16. HP: 147/147 MP: 13/13
 17160 | Orc:1    | Found a shimmering blue altar of Sif Muna.
 17359 | Orc:1    | Gained mutation: You are somewhat inexperienced. (-1 XL)
                  | [Ru sacrifice]
 17359 | Orc:1    | Reached XP level 15. HP: 90/170 MP: 12/12
 17359 | Orc:1    | Reached ***** piety under Ru
 17634 | Orc:2    | Entered Level 2 of the Orcish Mines
 17730 | Orc:2    | Found a staircase to the Elven Halls.
 18040 | Orc:2    | Found Baenus's General Store.
 18204 | Orc:2    | Found Byhuoz's Jewellery Shop.
 18273 | Orc:2    | Found Nimiw's Antique Armour Boutique.
 18275 | Orc:2    | Found Duczeni's Antique Weapon Shop.
 18501 | Orc:2    | Bought a granite talisman for 1200 gold pieces
 18683 | Snake:1  | Entered Level 1 of the Snake Pit
 18830 | Snake:1  | Found a radiant altar of Vehumet.
 19067 | Snake:1  | Found a frozen archway.
 19074 | IceCv    | Entered an ice cave
 19089 | IceCv    | Gained mutation: You are somewhat unskilled. (-1 Apt) [Ru
                  | sacrifice]
 19089 | IceCv    | Reduced skill Shapeshifting to level 13
 19089 | IceCv    | Reached ****** piety under Ru
 19316 | IceCv    | Reached skill level 14 in Shapeshifting
 19371 | IceCv    | Got the Guidebook on Brilliant Firn
 19433 | Snake:1  | You fall into a shaft and drop 1 floor!
 20574 | Snake:3  | Reached skill level 15 in Shapeshifting
 21097 | Snake:3  | Found Lizet's Book Emporium.
 21097 | Snake:3  | Found Cihustroe's Jewellery Boutique.
 21098 | Snake:3  | Found Hitissoi's Jewellery Boutique.
 21655 | Snake:4  | Entered Level 4 of the Snake Pit
 21676 | Snake:4  | Noticed Mara
 21692 | Snake:4  | Noticed Flugkiller's illusion
 21693 | Snake:4  | Killed Mara
 21694 | Snake:4  | Reached XP level 16. HP: 148/148 MP: 13/13
 21886 | Snake:4  | Noticed Agnes
 21896 | Snake:4  | Killed Agnes
 22052 | Snake:4  | Found Vujurch's Weapon Emporium.
 22333 | Snake:4  | Reached skill level 1 in Evocations
 22469 | Snake:4  | Got a serpentine rune of Zot
 22764 | Swamp:1  | Entered Level 1 of the Swamp
 22858 | Swamp:1  | Reached skill level 5 in Dodging
 23692 | Swamp:2  | Found a runed translucent door.
 23693 | Swamp:2  | You fall into a shaft and drop 1 floor!
 23818 | Swamp:3  | Noticed Louise
 23819 | Swamp:3  | Banished Louise
 24060 | Swamp:3  | Reached XP level 17. HP: 157/157 MP: 14/14
 24101 | Swamp:3  | Reached skill level 15 in Unarmed Combat
 24160 | Swamp:4  | Entered Level 4 of the Swamp
 24672 | Swamp:4  | Got a decaying rune of Zot
 25042 | Vaults:1 | Entered Level 1 of the Vaults
 25235 | Vaults:1 | Reached skill level 5 in Evocations
 25240 | Vaults:1 | Noticed a tentacled monstrosity
 25243 | Vaults:1 | Killed a tentacled monstrosity
 25257 | Abyss:3  | Cast into level 3 of the Abyss (a wizard)
 25357 | Abyss:3  | Found a corrupted altar of Lugonu.
 25419 | Abyss:3  | Noticed a lich
 25424 | Abyss:3  | Killed a lich
 25427 | Vaults:1 | Escaped the Abyss
 25493 | Vaults:1 | Reached XP level 18. HP: 161/161 MP: 15/15
 27302 | Vaults:2 | Found a runed translucent door.
 27363 | Vaults:2 | Found a staircase to the Crypt.
 28368 | Vaults:3 | Found Riukkain's Weapon Shoppe.
 28563 | Vaults:3 | Reached XP level 19. HP: 160/160 MP: 8/16
 28571 | Vaults:3 | Paralysed by a great orb of eyes for 2 turns
 29186 | Vaults:3 | Reached skill level 10 in Dodging
 29393 | Vaults:4 | Found a crumbling gateway.
 29398 | Desolati | Entered the Desolation of Salt
 29789 | Desolati | Identified the staff "Acuafuqeam" {rN+ Int+3 Conj Necro}
 29896 | Desolati | Got the Precepts of Displacement
 30175 | Vaults:4 | Reached skill level 16 in Shapeshifting
 30351 | Vaults:4 | Identified the +1 hat "Otiodgha" {rC- Regen+ Dex-3 Slay+4}
 30991 | Depths:1 | Entered Level 1 of the Depths
 31083 | Depths:1 | Identified the +9 scimitar of the Magi {pain, Dex+2}
 31129 | Depths:1 | Found a gateway to Hell.
 31208 | Depths:1 | Found Faiklis's Armour Emporium.
 31211 | Depths:1 | Found Jetar's Jewellery Shoppe.
 31213 | Depths:1 | Found Dunaceh's Antique Weapon Emporium.
 31297 | Depths:1 | Found a white marble altar of Elyvilon.
 31580 | Depths:2 | Found a one-way gate leading to the halls of Pandemonium.
 31611 | Depths:2 | Reached skill level 17 in Shapeshifting
 31644 | Depths:2 | Reached XP level 20. HP: 187/187 MP: 17/17
 31953 | Depths:2 | Found a burning altar of Makhleb.
 32408 | Depths:2 | Found a bloodstained altar of Trog.
 32418 | Depths:2 | Identified the +1 cloak of the Forest {rElec Will- Int+3}
 32465 | Depths:2 | Found a runed translucent door.
 32486 | Depths:2 | Paralysed by a sphinx for 3 turns
 32508 | Depths:2 | Reached skill level 18 in Shapeshifting
 32515 | Depths:2 | Noticed a juggernaut
 32520 | Depths:2 | Killed a juggernaut
 32521 | Depths:2 | Noticed a golden dragon
 32523 | Depths:2 | Identified the amulet "Wipemus" {RegenMP Str+2 Dex+3}
 32524 | Depths:2 | Killed a golden dragon
 32541 | Depths:2 | Identified the ring "Dalogeni" {Fire rN++ Dex-4}
 32549 | Depths:2 | Identified the ring of Eternal Harmony {rElec rF+ rC+ Will+
                  | Int+3}
 32620 | Depths:2 | Identified the ring of Pyfopp {rN++ rCorr Int+2 SInv}
 33102 | Depths:3 | Got Ithrymoha's Compendium of the Caves and Left-Handed
                  | Deeds
 33379 | Depths:3 | Noticed a dread lich
 33389 | Depths:3 | Paralysed by a vampire knight for 4 turns
 33396 | Depths:3 | Killed a dread lich
 33397 | Depths:3 | Reached skill level 19 in Shapeshifting
 33434 | Depths:3 | Got the Octavo of Rot
 33457 | Depths:3 | Found an ornate altar of the Wu Jian Council.
 33836 | Depths:4 | Entered Level 4 of the Depths
 33898 | Depths:4 | Found a gate to the Realm of Zot.
 33911 | Depths:4 | Reached XP level 21. HP: 181/181 MP: 12/17
 34329 | Depths:4 | Reached skill level 20 in Shapeshifting
 34354 | Depths:4 | Found a one-way gateway to a ziggurat.
 35162 | Depths:3 | Voluntarily entered the Abyss.
 35171 | Abyss:3  | Found a corrupted altar of Lugonu.
 35213 | Abyss:3  | Killed Louise
 35375 | Abyss:3  | Got an abyssal rune of Zot
 35385 | Depths:3 | Escaped the Abyss
 35521 | Zot:1    | Entered Level 1 of the Realm of Zot
 35521 | Zot:1    | Noticed a golden dragon
 35626 | Zot:1    | Noticed a golden dragon
 35628 | Zot:1    | Noticed a golden dragon
 35628 | Zot:1    | Noticed a golden dragon
 35763 | Zot:2    | Noticed an orb of fire
 35770 | Zot:2    | Found the +4 dragonskin cloak
 35770 | Zot:2    | Noticed Tiamat
 35774 | Zot:2    | Killed an orb of fire
 35775 | Zot:2    | Reached skill level 21 in Shapeshifting
 35784 | Zot:2    | Killed Tiamat
 35816 | Zot:2    | Noticed a golden dragon
 35822 | Zot:2    | Killed a golden dragon
 35915 | Zot:2    | Noticed Grunn
 35921 | Zot:2    | Killed Grunn
 36280 | Zot:2    | Reached skill level 15 in Fighting
 36345 | Zot:2    | Noticed a curse toe
 36352 | Zot:2    | Killed a curse toe
 36672 | Zot:2    | Noticed a golden dragon
 36682 | Zot:2    | Killed a golden dragon
 36782 | Zot:1    | Reached XP level 22. HP: 188/204 MP: 18/18
 36819 | Zot:1    | You are sucked into a shaft and drop 1 floor!
 37433 | Zot:1    | Identified a scroll of acquirement
 37442 | Zot:1    | Noticed an orb of fire
 37455 | Zot:1    | Killed an orb of fire
 37602 | Zot:1    | Acquired a manual of Evocations
 38193 | Zot:3    | Noticed a curse toe
 38199 | Zot:3    | Killed a curse toe
 38581 | Zot:4    | Noticed an orb of fire
 38675 | Zot:4    | Killed an orb of fire
 38681 | Zot:4    | Reached XP level 23. HP: 117/211 MP: 19/19
 39199 | Zot:4    | Noticed Vv
 39211 | Zot:4    | Killed Vv
 39494 | Zot:5    | Entered Level 5 of the Realm of Zot
 39669 | Zot:5    | Noticed a Killer Klown
 39680 | Zot:5    | Killed a Killer Klown
 39932 | Zot:5    | Noticed a dread lich
 39933 | Zot:5    | Noticed an ancient lich
 39936 | Zot:5    | Killed a dread lich
 39939 | Zot:5    | Noticed a Killer Klown
 39942 | Zot:5    | Noticed an orb of fire
 39943 | Zot:5    | Killed an ancient lich
 39948 | Zot:5    | Noticed a dread lich
 39966 | Zot:5    | Killed an orb of fire
 39973 | Zot:5    | Killed a dread lich
 39973 | Zot:5    | Noticed an orb of fire
 39978 | Zot:5    | Noticed an orb of fire
 39984 | Zot:5    | Killed an orb of fire
 39996 | Zot:5    | Killed a Killer Klown
 39998 | Zot:5    | Killed an orb of fire
 39999 | Zot:5    | Noticed an orb of fire
 39999 | Zot:5    | Noticed an ancient lich
 40001 | Zot:5    | Noticed an orb of fire
 40079 | Zot:5    | Noticed an ancient lich
 40087 | Zot:5    | Killed an orb of fire
 40096 | Zot:5    | Killed an ancient lich
 40097 | Zot:5    | Gained mutation: You are very frail. (-20% HP) [an orb of
                  | fire]
 40104 | Zot:5    | Noticed an orb of fire
 40109 | Zot:5    | Killed an orb of fire
 40110 | Zot:5    | Reached skill level 10 in Evocations
 40117 | Zot:5    | Gained mutation: You are dopey. (Int -2) [an orb of fire]
 40123 | Zot:5    | Killed an ancient lich
 40125 | Zot:5    | Killed an orb of fire
 40315 | Zot:5    | Got the Orb of Zot
 40325 | Zot:5    | Noticed an ancient lich
 40419 | Zot:2    | Noticed Daweagoq the pandemonium lord
 40533 | Depths:1 | Reached XP level 24. HP: 185/204 MP: 19/19
 40710 | D:8      | Identified the +0 tower shield of the Vanishing Deaths
                  | {+Blink}
 40771 | D:7      | Noticed Zuirghec the pandemonium lord
 40778 | D:7      | Killed Zuirghec the pandemonium lord
 40904 | D:1      | gg
 40905 | D:$      | Escaped with the Orb!

Illustrated notes

.# #....# #..########.##.##
.# #....# #...#####...##.#
.# #....# #..##~≈~##..##.#
.# #....# #.##≈~P~~##.##.#
.###....#####~~~.~~~####.#
...........#≈≈P.8.P~≈# #.#
.##....#####≈~.....~≈###.#
.##...#####8~.......~8##.#
#####.###..'.P8.v.8P.+...# #
#..##.#8~.......~8.#.# #
#.....##~~.....~≈#.#.#
##..#.##≈~P.8.P~≈#.#.##
##....##~~~.~~≈##....#
#########...##≈~P~≈##.....#
.............##≈≈≈##......#
##########....#####.......#
#.....>..............#######


Turn 40904 on D:1: gg

Levels and vault maps discovered:
D:1:      lightli_arrival_statuegarden, layout_basic, minmay_misc_feat_square,
          grunt_decor_mini_mirrors
D:2:      layout_rooms, chequers_avenue
D:3:      layout_loops_corners, mainiacjoe_overflow_alcove_4, serial_shops,
          shop, fountainhead, nicolae_underground_beach
D:4:      layout_loops_ring, amcnicky_altar_gilded, nicolae_ashenzari_skybound,
          serial_aquarium, aquarium_bridge_long_separate
          [aquarium_subvault_bridge, aquarium_subvault_wall,
          aquarium_subvault_bridge, aquarium_subvault_balcony,
          aquarium_subvault_wall, aquarium_subvault_bridge],
          aquarium_window_fake, aquarium_window_1, aquarium_window_1,
          aquarium_window_2, aquarium_view_2e, aquarium_view_2b,
          minmay_rat_hole, uniq_grinder
D:5:      layout_rooms, nicolae_kikubaaqudgha_miasma_corner,
          grunt_decor_junction, roderic_serpentine_path, uniq_prince_ribbit1
D:6:      layout_rooms, mainiacjoe_overflow_concentric_impassable,
          kennysheep_mini_moat, lemuel_doored_altar, temple_statues
D:7:      layout_basic, general_overflow_altar, minmay_increasing_density
D:8:      layout_loops_ring, mainiacjoe_overflow_surrounded_room,
          gammafunk_temple_overflow_pools, enter_bailey_3
D:9:      layout_basic, nzn_wu_jian_council_hall, erik_lair_island
D:10:     minmay_bloctagon, layout_irregular_city, kennysheep_little_box,
          minmay_orc_entry_temple_small, nrook_mini_vaults, uniq_gastronok
D:11:     layout_cave_pools, minmay_radiant
D:12:     layout_stronghold, uniq_nergalle, uniq_frances, uniq_rupert
D:13:     layout_loops_ring, gammafunk_ghost_necromancy, minmay_misc_feat_x
D:14:     layout_rooms, david_vaults_1, nemelex_altar_shiori
D:15:     gammafunk_depths_entry_grave, layout_loops_ring,
          minmay_misc_feat_doors, grunt_ministairs_14
Temple:   hellmonk_temple_divided_pantheon
Lair:1:   wad_woods_minihive, layout_cave_pods, beast_lair_carwin_3
Lair:2:   layout_chaotic_city, nicolae_swamp_entry_splash_gauntlet,
          nicolae_lair_grazing_beasts [nicolae_sub_lair_graze_edge,
          nicolae_sub_lair_graze_edge, nicolae_sub_lair_graze_edge,
          nicolae_sub_lair_graze_edge]
Lair:3:   layout_chaotic_city, guppyfry_snake_entry_island, st_stairs_10,
          grunt_megastairs_3
Lair:4:   layout_roguey, chequers_serial_rivers_room_b, st_stairs_6
Lair:5:   hellmonk_lair_end_abyssal_woods, layout_hall_layers,
          dpeg_slime_entry_enclosed, nicolae_volcano_entry_two_sided,
          lemuel_fruit_fields
Swamp:1:  layout_basic_swamp, nicolae_swamp_decorative_isthmus,
          infiniplex_staircase_pool
Swamp:2:  layout_basic_swamp, ebering_ghost_funeral_grove,
          evilmike_swamp_ruin_house_6, swamp_pool1
Swamp:3:  layout_basic_swamp, evilmike_swamp_ruin_rubble_2, uniq_louise
Swamp:4:  swamp_basic_johnstein, layout_basic_swamp
Snake:1:  layout_layer_cave, basic_altar, portal_ice_cave_entry_pillars_1
Snake:2:  layout_rooms
Snake:3:  layout_layer_cave, minmay_shop_grove
Snake:4:  snake_pit, layout_cave_town, serial_shops, nicolae_shop_statue_plus,
          uniq_agnes, uniq_mara
Orc:1:    cheibrodos_orc_guarddog, layout_caves, led_sif_book, uniq_fannar
Orc:2:    grunt_orc_community_town_hall, layout_caves,
          grunt_orc_community_big_house_2, grunt_orc_community_big_house_1,
          grunt_orc_community_house_3, grunt_orc_community_house_1,
          grunt_orc_community_house_2, grunt_orc_community_house_2,
          grunt_orc_community_house_1, basic_altar
Vaults:1: v_alt_pattern_4, nicolae_vaults_trapezoid_lopsided_3,
          nicolae_vaults_tangent_ellipses, nicolae_vaults_spaceships,
          nicolae_vaults_trapezoid_lopsided_1, dpeg_vaults_monster_box,
          nicolae_vaults_sealed_display, nicolae_vaults_trapezoid_1, v_misc_28,
          nicolae_vaults_what_the_h, nicolae_vaults_storage_room_glass,
          nicolae_vaults_six-pack, v_misc_17, nicolae_vaults_tetromino_T_1,
          layout_vaults_omnibox
Vaults:2: minmay_crypt_entry_simple_sparse, nicolae_vaults_more_shelving_1,
          nicolae_vaults_storage_room_statues, nicolae_vaults_oozy_zoo,
          nicolae_vaults_network_square, nicolae_vaults_little_squares_3,
          v_misc_29, v_misc_15, grunt_vaults_hallway_short,
          nicolae_vaults_twisting_passages, layout_vaults_maze
Vaults:3: nicolae_vaults_triangles, nicolae_vaults_cornered_office,
          ontoclasm_vaults_fault, hangedman_vaults_cutoff,
          nicolae_vaults_circle_grid_a, nicolae_vaults_trapezoid_2,
          hangedman_vaults_hat, nicolae_vaults_network_barrier,
          nicolae_vaults_little_squares_3, ontoclasm_vaults_shuriken,
          nicolae_vaults_variable_pillar_hall, nicolae_vaults_tetromino_L_2,
          nicolae_vaults_taking_the_gang_shopping,
          nicolae_vaults_trapezoid_lopsided_3, ontoclasm_vaults_twist,
          layout_vaults_omnicross
Vaults:4: portal_desolation_entry_nicolae_nacl, nicolae_vaults_lightning_bolt,
          nicolae_vaults_house_2, v_misc_18, vaults_room_corners,
          hangedman_vaults_trim, layout_vaults_omnigrid
Depths:1: layout_cross, hell_entry, ebering_dispersal_statue_hall,
          elyvilon_altar_4, roderic_lattice_octagonal_star, minmay_shop_star
Depths:2: minmay_the_grid_triangle_9x9_line_8_mashed
          [minmay_the_grid_triangle_9x9_shrine,
          minmay_the_grid_triangle_9x9_thin_v,
          minmay_the_grid_triangle_9x9_skeleton,
          minmay_the_grid_triangle_9x9_subtriangle,
          minmay_the_grid_triangle_9x9_from_above,
          minmay_the_grid_triangle_9x9_steps,
          minmay_the_grid_triangle_9x9_odd_lines,
          minmay_the_grid_triangle_9x9_prize_special], layout_gridlike,
          hangedman_decor_clover_reticule, hell_entry, rand_demon_pan_entry_3,
          minmay_misc_feat_diagonals, evilmike_spriggan_trog_shrine
Depths:3: minmay_octagon_keep, layout_basic, rand_demon_pan_entry_9,
          lemuel_tele_altar, abyss_entry, pf_hell_entry_great_geh, special_room
          [special_room_morgue], minivault_10, minmay_staircase_bubble
Depths:4: grunt_zot_entry_funnels, layout_basic, enter_ziggurat_b,
          dk_noncrumbling_4, hell_entry
Zot:1:    layout_basic, evilmike_ambush [evilmike_ambush_outer_corners,
          evilmike_ambush_inner_basic]
Zot:2:    layout_basic, grunt_ministairs_10, uniq_grunn, uniq_tiamat
Zot:3:    layout_gridlike, lemuel_baited_zot_trap
Zot:4:    layout_misc_corridors, uniq_vv
Zot:5:    layout_misc_corridors, st_stairs_7

Skill      XL: |  1  2  3  4  5  6  7  8  9 10 11 12 13 14 15 16 17 18 19 20 21 22 23 |
---------------+----------------------------------------------------------------------+-----
Fighting       | 1 2 3 4 5 7 8 9 11 12 11 12 13 14 15 16 17 | 17.8
Unarmed Combat | 4 5 6 7 8 10 11 13 14 13 14 16 17 19 20 | 20.9
Shapeshifting  | 4 5 6 7 8 10 15 17 19 21 | 21.0
Shields        | 1 9 11 12 12 | 12.0
Dodging        | 2 5 7 9 11 | 11.0
Evocations     | 3 5 7 10 | 10.0

Action                     |  1- 3 |  4- 6 |  7- 9 | 10-12 | 13-15 | 16-18 | 19-21 | 22-24 || total
---------------------------+-------+-------+-------+-------+-------+-------+-------+-------++-------
  Melee: Unarmed           |    90 |    84 |   212 |   559 |  1446 |  1195 |  1199 |   626 ||  5411
         Punch             |     2 |     2 |     9 |    25 |       |       |    24 |    83 ||   145
         Constrict         |       |       |       |       |   153 |     7 |       |       ||   160
 Invoke: Sacrifice Purity  |       |       |       |     1 |       |       |       |       ||     1
         Sacrifice Essence |       |       |       |     1 |       |       |       |       ||     1
         Sacrifice Health  |       |       |       |     1 |       |       |       |       ||     1
         Draw Out Power    |       |       |       |       |     4 |     4 |     2 |     2 ||    12
         Sacrifice Arcana  |       |       |       |       |     1 |       |       |       ||     1
         Sacrifice Stealth |       |       |       |       |     1 |       |       |       ||     1
         Apocalypse        |       |       |       |       |     4 |     5 |     7 |     1 ||    17
         Power Leap        |       |       |       |       |     2 |       |       |     1 ||     3
         Sacrifice Experie |       |       |       |       |     1 |       |       |       ||     1
         Sacrifice Skill   |       |       |       |       |     1 |       |       |       ||     1
         Reject Sacrifices |       |       |       |       |     1 |       |       |       ||     1
Ability: Blinkbolt         |       |       |       |       |       |       |     2 |     3 ||     5
  Evoke: Wand              |       |       |       |     5 |     2 |     1 |       |       ||     8
         Box of beasts     |       |       |       |       |     1 |       |       |       ||     1
         Condenser vane    |       |       |       |       |     1 |     1 |       |       ||     2
    Use: Scroll            |       |     7 |     4 |     7 |    11 |     4 |     4 |     8 ||    45
         Potion            |       |     1 |     4 |     1 |     3 |       |     9 |    12 ||    30
   Stab: Sleeping          |     1 |     1 |     3 |       |       |       |       |       ||     5
         Invisible         |       |       |       |     2 |     7 |     6 |    10 |     9 ||    34
         Paralysed         |       |       |       |       |     9 |    12 |    29 |     6 ||    56
         Distracted        |       |       |       |       |     6 |     3 |     7 |     4 ||    20
         Confused          |       |       |       |       |     2 |       |       |       ||     2
 Armour: Animal skin       |    40 |    23 |    15 |    20 |       |       |       |       ||    98
         Troll leather arm |       |       |       |    73 |    57 |       |       |       ||   130
         Acid dragon scale |       |       |       |     5 |       |       |       |       ||     5
         Skin              |       |       |       |       |   407 |   834 |   552 |    55 ||  1848
  Dodge: Dodged            |    39 |    35 |   192 |   456 |  1133 |  1474 |  1131 |   593 ||  5053
  Block: Other             |       |       |       |    55 |       |       |       |       ||    55
         Reflection        |       |       |       |     5 |     3 |       |       |       ||     8
         Tower shield      |       |       |       |   412 |   675 |  1526 |   926 |       ||  3539
   Form: Anaconda          |       |       |       |       |     1 |       |       |       ||     1
         Statue            |       |       |       |       |     1 |     1 |     1 |       ||     3
         Dragon            |       |       |       |       |       |     1 |     1 |       ||     2
         Storm             |       |       |       |       |       |       |     2 |       ||     2

Table legend: (Time is in decaauts)
 A = Elapsed time spent in this place.
 B = Non-inter-level travel time spent in this place.
 C = Inter-level travel time spent in this place.
 D = Time resting spent in this place.
 E = Time spent auto-exploring this place.
 F = Levels seen in this place.
 G = Mean time per level.
                   A        B        C        D        E       F      G
               +--------+--------+--------+--------+--------+-----+--------+
         Total |  48128 |  44917 |   3211 |   3910 |  29690 |  50 |  962.6 |
       Dungeon |  11794 |  10640 |   1154 |    863 |   7630 |  15 |  786.3 |
        Temple |     37 |     37 |      0 |      0 |      0 |   1 |   37.0 |
          Lair |   5184 |   4580 |    604 |    377 |   2888 |   5 | 1036.8 |
         Swamp |   3058 |   2908 |    150 |     69 |   1865 |   4 |  764.5 |
     Snake Pit |   5528 |   5306 |    222 |    319 |   3767 |   4 | 1382.0 |
  Orcish Mines |   1580 |   1484 |     96 |     54 |   1093 |   2 |  790.0 |
        Vaults |   7472 |   7038 |    434 |    494 |   4935 |   4 | 1868.0 |
        Depths |   6441 |   6137 |    304 |    479 |   4238 |   4 | 1610.2 |
           Zot |   4515 |   4271 |    244 |    959 |   2237 |   5 |  903.0 |
         Abyss |    444 |    444 |      0 |      0 |     97 |   2 |  222.0 |
        Bailey |    322 |    322 |      0 |    117 |     75 |   1 |  322.0 |
      Ice Cave |    501 |    501 |      0 |    153 |     30 |   1 |  501.0 |
       Volcano |    375 |    375 |      0 |      0 |    306 |   1 |  375.0 |
    Desolation |    871 |    871 |      0 |     24 |    526 |   1 |  871.0 |
               +--------+--------+--------+--------+--------+-----+--------+

Top non-repeatable levels by time:
Vaults:1: 2991 daAuts
Depths:4: 1960 daAuts
Depths:2: 1850 daAuts
Depths:3: 1739 daAuts
Vaults:3: 1590 daAuts
 Snake:1: 1558 daAuts
 Snake:4: 1529 daAuts
 Snake:3: 1483 daAuts
Vaults:2: 1465 daAuts
Vaults:4: 1425 daAuts
  Lair:1: 1343 daAuts
   Zot:2: 1238 daAuts
   Zot:3: 1182 daAuts
     D:9: 1171 daAuts
  Lair:5: 1099 daAuts
